 Dungeon Crawl Stone Soup version 0.27-a0-1065-ge809cff456 (webtiles) character file.

Game seed: 15075901035144283287

59 voltaire321 the Firebug (level 4, -11/28 HPs)
             Began as an Octopode Fire Elementalist on Apr 23, 2021.
             Killed by nerve-wracking pain
             ... invoked by a shadow imp
             ... summoned by Natasha
              (12 damage)
             ... on level 2 of the Dungeon.
             The game lasted 00:04:48 (1508 turns).

voltaire321 the Firebug (OpFE)                      Turns: 1508, Time: 00:04:48

Health: -11/28     AC:  1    Str:  7    XL:     4   Next: 3%
Magic:  4/7        EV: 13    Int: 18    God:
Gold:   53         SH:  0    Dex: 12    Spells: 3/7 levels left

rFire    . . .     SeeInvis .   c - +0 short sword
rCold    . . .     Faith    .   (no shield)
rNeg     . . .     Spirit   .   (helmet restricted)
rPois    .         Reflect  .   (no amulet)
rElec    .         Harm     .   (no ring)
rCorr    .         Rampage  .   (no ring)
Will     .....                  (no ring)
Stlth    +++.......             (no ring)
HPRegen  0.09/turn              (no ring)
MPRegen  0.10/turn              (no ring)
                                (no ring)
                                (no ring)

@: no status effects
A: almost no armour, amphibious, 8 rings, camouflage 1, gelatinous body 1,
(nimble swimmer 1), tentacles
a: no special abilities


You were on level 2 of the Dungeon.
You visited 1 branch of the dungeon, and saw 2 of its levels.

You collected 53 gold pieces.

Inventory:

Hand Weapons
 c - a +0 short sword (weapon)
Scrolls
 e - 2 scrolls of identify {unknown}
 h - a scroll of fear {unknown}
 i - a scroll of enchant armour {unknown}
Potions
 a - 2 potions of degeneration {unknown}
 b - a potion of lignification {unknown}
 d - a potion of heal wounds {unknown}
 f - 2 potions of might {unknown}
 g - 2 potions of invisibility {unknown}


   Skills:
 + Level 1.2 Fighting
 + Level 2.5 Dodging
 - Level 2.6 Stealth
 + Level 2.4 Spellcasting
 + Level 1.8 Conjurations
 + Level 3.3 Fire Magic


You had 3 spell levels left.
You knew the following spells:

 Your Spells              Type           Power      Damage    Failure   Level
a - Foxfire               Conj/Fire      44%        2x1d6     6%          1
b - Conjure Flame         Conj/Fire      11%        6-21      19%         3

Your spell library contained the following spells:

 Spells                   Type           Power      Damage    Failure   Level
 Inner Flame              Hex/Fire       8%         N/A       26%         3
 Sticky Flame             Conj/Fire      11%        2d3       52%         4
 Fireball                 Conj/Fire      5%         3d5       86%         5


Dungeon Overview and Level Annotations

Branches:
Dungeon (2/15)

Altars:

Annotations:
D:2 Natasha


Innate Abilities, Weirdness & Mutations

You cannot wear most types of armour.
You are amphibious.
You can wear up to eight rings at the same time.
Your skin changes colour to match your surroundings (Stealth+).
Your rubbery body absorbs attacks. (AC +1, EV +1)
((You are camouflaged near water. (Stealth+)))
You have tentacles for arms and can constrict up to eight enemies at once.


Message History

Natasha is moderately wounded.
Natasha casts a spell.
Casting: Foxfire (safe; 6% risk of failure)
Confirm with . or Enter, or press ? or * to list all spells.
You conjure some foxfire!
The shadow imp misses you.
The foxfire hits the shadow imp.
The shadow imp is heavily wounded.
The foxfire hits the shadow imp.
The shadow imp is heavily wounded.
The shadow imp closely misses you.
You closely miss the shadow imp. Your grab misses the shadow imp.
The shadow imp is heavily wounded.
The shadow imp hits you.
You hit the shadow imp. You grab the shadow imp.
The shadow imp is severely wounded.
You constrict the shadow imp.
Natasha casts a spell.
The shadow imp hits you.
Casting: Foxfire (safe; 6% risk of failure)
Confirm with . or Enter, or press ? or * to list all spells.
You conjure some foxfire!
You constrict the shadow imp, but do no damage.
The shadow imp completely misses you. The shadow imp hits you.
You constrict the shadow imp, but do no damage.
The foxfire hits the shadow imp.
The shadow imp is lightly wounded.
The shadow imp lashes its tail.
The shadow imp closely misses you. The shadow imp barely misses you.
You constrict the shadow imp, but do no damage.
The shadow imp gestures at you. Pain shoots through your body!
The shadow imp hits you but does no damage.
Your foxfire dissipates!
You release your grip on the shadow imp.
The shadow imp gestures at you. Pain shoots through your body!
* * * LOW HITPOINT WARNING * * *
The shadow imp gestures at you. Pain shoots through your body!
You die...

#.. #.# #.# ### #.# [.# #### ##
#.# .# #.# #.. ...####.####...
#.# #.# .......55h.†..#
#.###.##.##.# #.# #.#
.........##.# #@#####.#
.###..#####.# #....##.# .#
#........####.##.##.# .
.###...)......##.......####...
............#.#####.##......>...
##.##.......#.# #.............
#.##.......#.#####.##.........
#.##.......#.#.....#######...#
##.##.........#.###.# #...#


You could see 2 shadow imps.

Vanquished Creatures
  Natasha (D:2)
  2 endoplasms (D:1)
  4 giant cockroaches
  6 goblins
  3 hobgoblins (D:1)
  2 quokkas
  A ball python (D:2)
  2 bats
  A frilled lizard (D:2)
  4 kobolds
  7 rats (D:1)
33 creatures vanquished.

Vanquished Creatures (others)
  40 foxfires
40 creatures vanquished.

Grand Total: 73 creatures vanquished

Notes
Turn   | Place    | Note
-------+----------+-------------------------------------------
     0 | D:1      | voltaire321 the Octopode Fire Elementalist began the quest
                  | for the Orb.
     0 | D:1      | Reached XP level 1. HP: 11/11 MP: 3/3
   349 | D:1      | Reached XP level 2. HP: 18/18 MP: 3/5
   662 | D:1      | Found a faded altar of an unknown god.
   742 | D:1      | You fall into a shaft and drop 1 floor!
   796 | D:2      | Noticed Natasha
   805 | D:2      | Killed Natasha
   806 | D:2      | Reached skill level 1 in Fighting
   806 | D:2      | Reached XP level 3. HP: 23/23 MP: 4/6
  1383 | D:2      | Learned a level 3 spell: Conjure Flame
  1401 | D:2      | Reached XP level 4. HP: 28/28 MP: 5/7
  1496 | D:2      | Noticed Natasha
  1508 | D:2      | HP: 1/28 [shadow imp/nerve-wracking pain[Natasha] (11)]
  1508 | D:2      | Killed from afar by a shadow imp

Illustrated notes

Levels and vault maps discovered:
D:1:      minmay_arrival_arboretum_small, layout_basic,
          hellmonk_ecumenical_altar_prayer_group, dk_noncrumbling_4
D:2:      layout_loops_cross, uniq_sigmund, uniq_natasha

Skill      XL: |  1  2 |
---------------+-------+-----
Fighting       | 1 |  1.2
Dodging        | |  2.5
Stealth        | |  2.6
Spellcasting   | |  2.4
Conjurations   | |  1.8
Fire Magic     | |  3.3

Action                   |  1- 3 |  4- 6 || total
-------------------------+-------+-------++-------
Melee: Short sword       |    23 |     2 ||    25
       Unarmed           |     3 |       ||     3
       Constrict         |     4 |     1 ||     5
       Tentacles         |     2 |       ||     2
 Cast: Foxfire           |    25 |     5 ||    30
 Stab: Sleeping          |     6 |       ||     6
Armor: Skin              |       |     1 ||     1
Dodge: Dodged            |    17 |     5 ||    22

Table legend: (Time is in decaauts)
 A = Elapsed time spent in this place.
 B = Non-inter-level travel time spent in this place.
 C = Inter-level travel time spent in this place.
 D = Time resting spent in this place.
 E = Time spent auto-exploring this place.
 F = Levels seen in this place.
 G = Mean time per level.
                   A        B        C        D        E       F      G
               +--------+--------+--------+--------+--------+-----+--------+
         Total |   1510 |   1480 |     30 |    315 |    814 |   2 |  755.0 |
       Dungeon |   1510 |   1480 |     30 |    315 |    814 |   2 |  755.0 |
               +--------+--------+--------+--------+--------+-----+--------+

Top non-repeatable levels by time:
     D:1: 1255 daAuts
     D:2: 255 daAuts
